 Dungeon Crawl Stone Soup version 0.30-a0-830-gfe289a77b0 (webtiles) character file.

Game seed: 14626525009073801351

19 Zenkrye the Poker (level 2, -3/24 HPs)
             Began as a Human Cinder Acolyte on Feb 28, 2023.
             Was a High Priest of Ignis.
             Slain by a gnoll
             ... wielding a +0 whip
              (6 damage)
             ... on level 2 of the Dungeon.
             The game lasted 00:02:08 (989 turns).

Zenkrye the Poker (Human Cinder Acolyte)             Turns: 989, Time: 00:02:09

Health: -3/24      AC:  5    Str: 14    XL:     2   Next: 95%
Magic:  3/3        EV: 10    Int: 14    God:    Ignis [*****.]
Gold:   63         SH:  5    Dex:  8    Spells: 3/3 levels left

rFire   + . .      SeeInvis .    a - -1 spear (flame)
rCold   . . .      Faith    .    (no shield)
rNeg    . . .      Spirit   .    h - +0 ring mail
rPois   .          Reflect  +    (no helmet)
rElec   .          Harm     .    (no cloak)
rCorr   .          Rampage  .    (no gloves)
Will    .....                    (no boots) Stlth
                                 d - amulet of reflection
HPRegen 0.24/turn                (no ring)
MPRegen 0.08/turn                (no ring)

@: no status effects
A: no striking features
a: Renounce Religion, Fiery Armour, Foxfire Swarm, Rising Flame


You were on level 2 of the Dungeon.
You worshipped Ignis.
Ignis was extremely pleased with you.
You visited 1 branch of the dungeon, and saw 2 of its levels.

You collected 63 gold pieces.

Inventory:

Hand Weapons
 a - a -1 spear of flaming (weapon)
 g - a +0 sling
Missiles
 c - 4 poisoned darts (quivered)
Armour
 b - a +0 robe
 e - a +0 leather armour
 h - a +0 ring mail (worn)
Jewellery
 d - an amulet of reflection (around neck)
Scrolls
 i - 2 scrolls of identify {@r1}
Potions
 f - a potion of curing {@q1}
 j - a potion of mutation {unknown}
 k - a potion of haste {unknown}


   Skills:
 - Level 3.0 Fighting
 + Level 3.9 Polearms
 - Level 1.0 Spellcasting
 - Level 3.0 Fire Magic


You had 3 spell levels left.
You didn't know any spells.
Your spell library contained the following spells:

 Spells                   Type           Power      Damage    Failure   Level
 Scorch                   Fire           18%        2d5       24%         2


Dungeon Overview and Level Annotations

Branches:
Dungeon (2/15)

Altars:


Message History

The ball python is heavily wounded.
The ball python closely misses you. The ball python grabs you.
The ball python constricts you.
You completely miss the ball python.
The ball python is heavily wounded.
The ball python closely misses you. The ball python constricts you.
You closely miss the ball python.
The ball python is heavily wounded.
The ball python bites you but does no damage.
The ball python constricts you.
You hit the ball python. You burn the ball python.
You kill the ball python!
No target in view!
No target in view!
k - a sedimented ruby potion You now have 63 gold pieces (gained 9). 2 gnolls come into view.
Found a scroll labelled ZUZ WAPAERGH.
The gnoll shouts! x2
You reach to attack!
You closely miss the gnoll.
A gnoll comes into view. It is wielding a +0 flail.
The gnoll attacks as you move away! The gnoll closely misses you.
The gnoll attacks as you move away! You block the gnoll's attack.
The gnoll attacks as you move away! You block the gnoll's attack.
The gnoll attacks as you move away! The gnoll hits you with a +0 whip.
The gnoll attacks as you move away! The gnoll hits you with a +0 whip.
The gnoll attacks as you move away! The gnoll closely misses you.
The gnoll attacks as you move away! The gnoll barely misses you.
The gnoll attacks as you move away! The gnoll hits you with a +0 whip.
The gnoll attacks as you move away! The gnoll barely misses you.
The gnoll attacks as you move away! The gnoll hits you with a +0 whip!
* * * LOW HITPOINT WARNING * * *
The gnoll attacks as you move away! You block the gnoll's attack.
The gnoll attacks as you move away! The gnoll closely misses you.
The gnoll attacks as you move away! The gnoll hits you with a +0 whip.
* * * LOW HITPOINT WARNING * * *
The gnoll attacks as you move away! The gnoll hits you with a +0 whip.
* * * LOW HITPOINT WARNING * * *
The gnoll attacks as you move away! The gnoll hits you with a +0 whip.
You die...

##..........#.....#
#.......
..........###.#.....#
##.#####
..........###.......#
#....##
..............#.....#
#.##.##
###........##.#...<.#
#......
##.......##.#######
####.##
##.........#######
#.# ###.............#
#.# #.##.##@.####.#
#.# #†##.##g.# #.#
#.# #.##...g.# #>#
#.# ########.#####.##
#.#######.#
.........#####g#
#.........#
######...g....#
###########
#.######## ##.##
##...##


You could see 3 gnolls.

Vanquished Creatures
  A worm (D:2)
  A dart slug (D:1)
  A ball python (D:2)
  3 endoplasms (D:1)
  2 hobgoblins (D:1)
  3 bats (D:1)
  A frilled lizard (D:1)
  A kobold (D:1)
  2 rats (D:1)
15 creatures vanquished.

Notes
Turn   | Place    | Note
-------+----------+-------------------------------------------
     0 | D:1      | Zenkrye the Human Cinder Acolyte began the quest for the
                  | Orb.
     0 | D:1      | Reached XP level 1. HP: 18/18 MP: 2/2
   267 | D:1      | Reached XP level 2. HP: 23/24 MP: 3/3
   989 | D:2      | Slain by a gnoll

Illustrated notes

Levels and vault maps discovered:
D:1:      dpeg_chamrin_arrival_tetris, layout_loops_ring,
          hangedman_decor_diamond_cutter
D:2:      layout_loops_cross, ebering_ecumenical_altar_rust, uniq_robin

Action                     || total
---------------------------++-------
  Melee: Spear             ||    56
         Punch             ||     1
   Fire: Sling             ||    12
  Throw: Dart              ||     3
    Use: Scroll            ||     1
 Armour: Leather armour    ||     8
         Ring mail         ||     4
  Dodge: Dodged            ||    22
  Block: Other             ||    15

Table legend: (Time is in decaauts)
 A = Elapsed time spent in this place.
 B = Non-inter-level travel time spent in this place.
 C = Inter-level travel time spent in this place.
 D = Time resting spent in this place.
 E = Time spent auto-exploring this place.
 F = Levels seen in this place.
 G = Mean time per level.
                   A        B        C        D        E       F      G
               +--------+--------+--------+--------+--------+-----+--------+
         Total |    986 |    972 |     14 |      0 |    768 |   2 |  493.0 |
       Dungeon |    986 |    972 |     14 |      0 |    768 |   2 |  493.0 |
               +--------+--------+--------+--------+--------+-----+--------+

Top non-repeatable levels by time:
     D:1: 724 daAuts
     D:2: 262 daAuts
